 Dungeon Crawl Stone Soup version 0.30-a0-137-gd8773701ce (webtiles) character file.

Game seed: 14318331909555653494

359 Casaw the Vexing (level 6, 0/28 HPs)
             Began as a Spriggan Enchanter on Sept 23, 2022.
             Killed by divine providence
             ... invoked by an orc priest
              (14 damage)
             ... on level 4 of the Dungeon.
             The game lasted 00:08:36 (4195 turns).

Casaw the Vexing (Spriggan Enchanter)               Turns: 4195, Time: 00:08:37

Health: 0/28       AC:  3    Str:  6    XL:     6   Next: 37%
Magic:  7/16       EV: 17    Int: 17    God:
Gold:   229        SH:  0    Dex: 15    Spells: 9/17 levels left

rFire   + . .      SeeInvis +    a - +1 dagger
rCold   . . .      Faith    .    (no shield)
rNeg    . . .      Spirit   .    b - +0 robe
rPois   .          Reflect  .    (helmet restricted)
rElec   .          Harm     .    k - +0 cloak
rCorr   .          Rampage  .    (gloves unavailable)
Will    ++...      Rage     3%   (boots unavailable)
Stlth   +++.......               (no amulet)
HPRegen 0.09/turn                f - ring of protection from fire
MPRegen 0.15/turn                (no ring)

@: very slightly contaminated, studying Long Blades, very quick
A: very small, no large weapons, unfitting armour, see invisible, speed 3,
berserk 1, strong-willed 1, sense surroundings 1
a: no special abilities


You were on level 4 of the Dungeon.
You visited 1 branch of the dungeon, and saw 4 of its levels.

You collected 229 gold pieces.

Inventory:

Hand Weapons
 a - a +1 dagger (weapon)
 e - a +3 spectral club
Armour
 b - a +0 robe (worn)
 k - a +0 cloak (worn)
Jewellery
 f - a ring of protection from fire (left hand)
Wands
 h - a wand of mindburst (14)
 m - a wand of polymorph (4)
Scrolls
 p - a scroll of amnesia {unknown}
 q - a scroll of enchant armour {unknown}
Potions
 c - 2 potions of invisibility
 g - 2 potions of flight
 i - 2 potions of haste {unknown}
 j - 2 potions of cancellation {unknown}
 l - a potion of brilliance {unknown}
 n - a potion of berserk rage {unknown}
 o - a potion of lignification {unknown}


   Skills:
 - Level 1.1 Short Blades
 - Level 2.6 Dodging
 + Level 4.7 Stealth
 + Level 6.1 Spellcasting
 + Level 6.6 Hexes


You had 9 spell levels left.
You knew the following spells:

 Your Spells              Type           Power      Damage    Failure   Level
a - Ensorcelled Hibernat  Hex/Ice        32%        N/A       4%          2
b - Tukima's Dance        Hex            27%        N/A       2%          3
d - Confusing Touch       Hex            27%        N/A       2%          3

Your spell library contained the following spells:

 Spells                   Type           Power      Damage    Failure   Level
 Dazzling Flash           Conj/Hex       32%        N/A       10%         3


Dungeon Overview and Level Annotations

Branches:
Dungeon (4/15)
 Temple: D:4-7

Altars:
Ru
Uskayaw
The Shining One


Innate Abilities, Weirdness & Mutations

You are very small and have problems with some larger weapons.
You are too small for most types of armour.
You have supernaturally acute eyesight. (SInv)
You cover ground extremely quickly. (Speed+++)
You sometimes lose your temper in combat.
You are strong-willed. (Will+)
You passively map a small area around you.


Message History

The orc wizard is almost dead.
The orc wizard hits you.
You hit the orc wizard.
You kill the orc wizard!
You hit the orc.
The orc is moderately wounded.
The orc misses you.
You completely miss the orc.
The orc is moderately wounded.
The orc hits you with a +0 falchion.
* * * LOW HITPOINT WARNING * * *
You feel better. The orc misses you.
You hit the orc.
The orc is heavily wounded.
The orc closely misses you.
You hit the orc.
You kill the orc!
You hit the orc.
The orc is heavily wounded.
The orc misses you.
You completely miss the orc.
The orc is heavily wounded.
The orc completely misses you.
You hit the orc.
You kill the orc!
You hit the orc priest but do no damage.
You punch the orc priest, but do no damage.
The orc priest closely misses you.
Casting: Tukima's Dance (dangerous; 2% risk of failure)
Confirm with . or Enter, or press ? or * to list all spells.
Aiming: Ensorcelled Hibernation (safe; 4% risk of failure)
Press: ? - help, Shift-Dir - straight line, f - orc priest
Aim: an orc priest, wielding a +0 short sword and wearing a +3 ring mail of positive energy (chance to affect: 50%)
You miscast Ensorcelled Hibernation.
You are very lightly contaminated with residual magic.
Nothing appears to happen.
The orc priest mumbles some strange prayers to Beogh against you.
Beogh smites you!
Ouch! That really hurt!
You die...

....h# ##.(## * * * .....#
##..## #.#### ##..###### *
#.# ##ooo...###### #.#
##############o.....# #.#
#.......# #......#
..#####.......# #......#
.†............######......#
....†...........@o.)......#
#######.......######......#
######### #......# ########


You could see an orc priest.

Vanquished Creatures
  Sigmund (D:3)
  Jessica (D:2)
  An orc wizard (D:4)
  6 adders
  A worm (D:2)
  A dart slug (D:1)
  4 orcs
  8 ball pythons
  7 endoplasms
  3 giant cockroaches
  7 hobgoblins
  7 jackals (D:1)
  7 kobolds
  3 bats
  5 frilled lizards
  5 goblins
  4 rats
71 creatures vanquished.

Vanquished Creatures (collateral kills)
  An orc (D:4)
1 creature vanquished.

Vanquished Creatures (others)
  2 dancing weapons
  A fungus (D:3)
3 creatures vanquished.

Grand Total: 75 creatures vanquished

Notes
Turn   | Place    | Note
-------+----------+-------------------------------------------
     0 | D:1      | Casaw the Spriggan Enchanter began the quest for the Orb.
     0 | D:1      | Reached XP level 1. HP: 9/9 MP: 5/5
     2 | D:1      | Noticed a minotaur zombie
     4 | D:1      | Noticed a naga
     6 | D:1      | Noticed a merfolk
     8 | D:1      | Noticed a ghoul
    13 | D:1      | Noticed a gargoyle
   423 | D:1      | Reached XP level 2. HP: 13/13 MP: 7/7
   426 | D:1      | Learned a level 2 spell: Ensorcelled Hibernation
   743 | D:1      | Reached XP level 3. HP: 7/16 MP: 1/9
   747 | D:1      | Learned a level 3 spell: Tukima's Dance
   751 | D:1      | Learned a level 3 spell: Confusing Touch
  2104 | D:2      | Found a hide-covered altar of Uskayaw.
  2107 | D:2      | Noticed Jessica
  2114 | D:2      | Killed Jessica
  2115 | D:2      | Reached XP level 4. HP: 21/21 MP: 4/11
  2122 | D:2      | Reached skill level 5 in Hexes
  3149 | D:3      | Found a glowing golden altar of the Shining One.
  3405 | D:3      | Found a faded altar of an unknown god.
  3754 | D:3      | Gained mutation: Your body sometimes deteriorates upon
                  | taking damage. [potion of mutation]
  3755 | D:3      | Lost mutation: Your body sometimes deteriorates upon taking
                  | damage. [potion of mutation]
  3755 | D:3      | Gained mutation: You sometimes lose your temper in combat.
                  | [potion of mutation]
  3755 | D:3      | Gained mutation: You passively map a small area around you.
                  | [potion of mutation]
  3755 | D:3      | Gained mutation: You are strong-willed. (Will+) [potion of
                  | mutation]
  3819 | D:3      | Noticed Sigmund
  3830 | D:3      | Killed Sigmund
  3831 | D:3      | Reached skill level 5 in Spellcasting
  3831 | D:3      | Reached XP level 5. HP: 24/24 MP: 3/14
  3831 | D:3      | Reached XP level 6. HP: 28/28 MP: 3/15
  3965 | D:4      | Found a sacrificial altar of Ru.
  4032 | D:4      | Found a hide-covered altar of Uskayaw.
  4195 | D:4      | Killed from afar by an orc priest

Illustrated notes

Levels and vault maps discovered:
D:1:      shiori_arrival_whats_in_store_for_you, layout_loops_ring
D:2:      layout_basic, basic_altar, minivault_27, uniq_jessica
D:3:      layout_basic, general_overflow_altar,
          shapermc_ecumenical_altar_mp_urbaneastern, uniq_sigmund
D:4:      layout_rooms, overflow_temple_1_default,
          mainiacjoe_overflow_six_doors_small

Skill      XL: |  1  2  3  4  5  6 |
---------------+-------------------+-----
Spellcasting   | 3 4 5 6 |  6.1
Hexes          | 4 6 |  6.6
Short Blades   | |  1.1
Dodging        | |  2.6
Stealth        | |  4.7

Action                   |  1- 3 |  4- 6 || total
-------------------------+-------+-------++-------
Melee: Dagger            |   140 |   114 ||   254
       Punch             |     2 |     1 ||     3
       Club              |       |     9 ||     9
 Cast: Ensorcelled Hiber |     5 |     8 ||    13
       Tukima's Dance    |     1 |     8 ||     9
  Use: Scroll            |     3 |     6 ||     9
       Potion            |       |     4 ||     4
 Stab: Sleeping          |     9 |    12 ||    21
       Distracted        |       |     2 ||     2
Armor: Robe              |    15 |    13 ||    28
Dodge: Dodged            |   129 |    81 ||   210

Table legend: (Time is in decaauts)
 A = Elapsed time spent in this place.
 B = Non-inter-level travel time spent in this place.
 C = Inter-level travel time spent in this place.
 D = Time resting spent in this place.
 E = Time spent auto-exploring this place.
 F = Levels seen in this place.
 G = Mean time per level.
                   A        B        C        D        E       F      G
               +--------+--------+--------+--------+--------+-----+--------+
         Total |   3262 |   3202 |     60 |      0 |   2569 |   4 |  815.5 |
       Dungeon |   3262 |   3202 |     60 |      0 |   2569 |   4 |  815.5 |
               +--------+--------+--------+--------+--------+-----+--------+

Top non-repeatable levels by time:
     D:2: 1147 daAuts
     D:1: 1121 daAuts
     D:3: 805 daAuts
     D:4: 188 daAuts
